Wizard Dude, neutral male human Wizard -------- ------ |<|>...---...@| |^|-......``u.| |^||.```|.`.`.| |^||....|.%...| |^|------`----| |^| |......| |^------......| |..^^^^````...| |..-----......| ---- -------- Wizard Dude the Thaumaturge Experience level: 7 Strength: 25 Dexterity: 13 Constitution: 14 Intelligence: 18 Wisdom: 11 Charisma: 10 Health: 0(50) Energy: 56(68) Def: 6 Gold: 800 Moves: 2989 Dungeon seed: fCV-PCia7qe_p6U9 Game ID: Wizard Dude_1554901703 Your Inventory: Coins $ - 800 gold pieces Weapons a - a blessed +2 quarterstaff (weapon in hands) Armor e - an uncursed +0 cloak of magic resistance n - a cursed -1 pair of gauntlets of power (being worn) y - an uncursed +0 pair of leather gloves z - an uncursed +0 cloak of protection (being worn) N - an uncursed +0 studded leather armor (being worn) Scrolls h - 2 uncursed scrolls of destroy armor i - an uncursed scroll of identify A - an uncursed scroll of charging Spellbooks j - a blessed spellbook of force bolt k - an uncursed spellbook of light m - an uncursed spellbook of dig q - an uncursed spellbook of knock Potions f - 2 uncursed potions of water F - an uncursed potion of object detection Rings c - an uncursed ring of sustain ability d - an uncursed ring of warning E - an uncursed ring of see invisible Wands b - a wand of speed monster (0:7) r - a wand of cold (0:1) w - a wand of secret door detection (0:13) x - a cursed wand of undead turning (0:6) Tools u - a tinning kit (0:51) Spells and supernatural/magical abilities: Name Level Category Fail Memory a - force bolt 1 attack 4% 86% d - dig 5 matter 100% 86% k - knock 1 matter 4% 87% l - light 1 divination 4% 86% W - pray for help -- divine ? -- Your skills at the end: Fighting Skills Weapon Skills quarterstaff [Basic] Spellcasting Skills attack spells [Basic] enchantment spells [Basic] Final Attributes: You were piously aligned. You were poison resistant. You were telepathic. You were protected. You were unlucky. You are dead. Vanquished creatures: 2 large mimics a horse an owlbear a lizard a blue jelly a gnome mummy a water nymph an orc shaman a floating eye a homunculus a kobold lord 2 giant bats 2 iguanas 9 killer bees a hobbit a large kobold a yellow mold a gecko 2 jackals 2 foxes 2 goblins a grid bug 3 bats 3 lichens a kobold zombie 5 newts 48 creatures vanquished. Voluntary challenges: You had been an atheist until turn 1961. You used a wielded weapon 34 times, starting on turn 6. You read items or engraved 34 times, starting on turn 96. You never genocided any monsters. You never polymorphed an object. You never changed form. You used no wishes. You never split a pudding. You never wrote Elbereth's name. You violated your moral code, losing 10 points of alignment, starting on turn 495. Dungeon overview: The Dungeons of Doom: levels 1 to 9 Level 1 a long staircase Level 2 Level 5 many fountains Level 6 stairs to Sokoban Level 7 a fountain Level 8 an armor shop, a sink Level 9 some fountains Sokoban: Level 5 <- You were here stairs to The Dungeons of Doom History has recorded: On T:1 you entered the Dungeons of Doom to retrieve the Amulet of Yendor! On T:95 you advanced to experience level 2. On T:359 you reached level 2 of The Dungeons of Doom. On T:379 you reached level 5 of The Dungeons of Doom. On T:423 you advanced to experience level 3. On T:618 you advanced to experience level 4. On T:938 you reached level 6 of The Dungeons of Doom. On T:984 you advanced to experience level 5. On T:998 you advanced to experience level 6. On T:1094 you reached level 4 of Sokoban. On T:1259 you reached level 7 of The Dungeons of Doom. On T:1650 you reached level 8 of The Dungeons of Doom. On T:2025 you reached level 9 of The Dungeons of Doom. On T:2726 you advanced to experience level 7. Score breakdown: Gold: 800 ( 9877 points) Experience: 7 levels (13645 points) Exploration: 9 levels ( 19.15%) (12510 points) Discoveries: 11 items ( 3.81%) ( 5852 points) Valuables value: (no points given unless you survive) Artifact value: 0 ( 0 points) Variety of kills: 26 monsters ( 6.82%) ( 7836 points) Turncount: 2989 turns ( -594 points) Survival: died (score multiplied by 80%) Total score: 39300 Latest messages: With great effort you move the boulder. You see here an egg. The white unicorn butts! The white unicorn kicks! The white unicorn butts! The white unicorn kicks! The white unicorn misses. (2x) The white unicorn butts! The white unicorn kicks! The spell hits the white unicorn! The white unicorn resists! Splat! The white unicorn butts! The white unicorn kicks! The white unicorn butts! The white unicorn kicks! You hit the white unicorn! The white unicorn butts! You die... Final status: Goodbye Wizard Dude the Wizard, killed by a white unicorn... You died in Sokoban on dungeon level 5 with 39300 points, and 800 pieces of gold, after 2989 moves. You were level 7 with a maximum of 50 hit points when you died.